TOP OF THE 1ST |
Joplin Blasters batting - Pitching for Oakland Oaks : RHP Paul Olson
|
Pitching: RHP Paul Olson
|
|
Batting: RHB Kazuki Arai
|
0-0: SOLO HOME RUN (Flyball, 78XD, EV 115.0 MPH), Distance : 432 ft
|
Batting: RHB Mike Bearden
|
0-0: Foul Ball, location: 2F 0-1: Called Strike 0-2: Strikes out swinging
|
Batting: RHB Mike Valdez
|
0-0: Ball 1-0: Ball 2-0: Ball 3-0: Base on Balls
|
Batting: LHB Jim Haggart
|
0-0: Ball 1-0: Called Strike 1-1: Foul Ball, location: 2F 1-2: Foul Ball, location: 2F 1-2: Foul Ball, location: 2F 1-2: Strikes out swinging
|
Batting: RHB Brian Hunt
|
0-0: SINGLE (Flyball, 89S, EV 97.5 MPH) Mike Valdez to second Runner from 2nd tries for 3rd, SAFE, throw by RF made to third
|
Batting: RHB Ben Mills
|
0-0: Swinging Strike 0-1: Foul Ball, location: 2F 0-2: Strikes out looking
|
Top of the 1st over - 1 run, 2 hits, 0 errors, 2 left on base; Joplin 1 - Oakland 0 |
BOTTOM OF THE 1ST |
Oakland Oaks batting - Pitching for Joplin Blasters : RHP Omar Flores
|
Pitching: RHP Omar Flores
|
|
Batting: RHB Chris Bohm
|
0-0: Ball 1-0: Ball 2-0: Ball 3-0: Called Strike 3-1: Foul Ball, location: 2F 3-2: SOLO HOME RUN (Flyball, 78XD, EV 113.8 MPH), Distance : 445 ft
|
Batting: RHB Scott Lister
|
0-0: Ball 1-0: Ball 2-0: Called Strike 2-1: Foul Ball, location: 2F 2-2: Ball 3-2: Foul Ball, location: 2F 3-2: Strikes out swinging
|
Batting: LHB Felipe Gomez
|
0-0: Ball 1-0: Foul Ball, location: 2F 1-1: Foul Ball, location: 2F 1-2: Fly out, F5 (Popup, 5SF, EV 76.2 MPH)
|
Batting: LHB Alejandro Muniz
|
0-0: Foul Ball, location: 2F 0-1: Ball 1-1: Fly out, F8 (Line Drive, 8RD, EV 92.5 MPH)
|
Bottom of the 1st over - 1 run, 1 hit, 0 errors, 0 left on base; Joplin 1 - Oakland 1 |
TOP OF THE 2ND |
Joplin Blasters batting - Pitching for Oakland Oaks : RHP Paul Olson
|
Batting: RHB Itsuki Eguchi
|
0-0: Ball 1-0: Called Strike 1-1: Swinging Strike 1-2: Strikes out swinging
|
Batting: RHB Bobby Leon
|
0-0: Called Strike 0-1: Ball 1-1: Ball 2-1: Swinging Strike 2-2: Ball 3-2: Strikes out looking
|
Batting: RHB Carlos Castillo
|
0-0: Ball 1-0: Foul Ball, location: 2F 1-1: Foul Ball, location: 2F 1-2: Strikes out swinging
|
Top of the 2nd over - 0 runs, 0 hits, 0 errors, 0 left on base; Joplin 1 - Oakland 1 |
BOTTOM OF THE 2ND |
Oakland Oaks batting - Pitching for Joplin Blasters : RHP Omar Flores
|
Batting: LHB Ed Talamantes
|
0-0: Called Strike 0-1: Ball 1-1: Swinging Strike 1-2: Foul Ball, location: 2F 1-2: Foul Ball, location: 2F 1-2: Foul Ball, location: 2F 1-2: Ball 2-2: Ground out U3 (Groundball, 34, EV 103.1 MPH)
|
Batting: LHB Marcus Pollard
|
0-0: Ball 1-0: Called Strike 1-1: Foul Ball, location: 2F 1-2: Ball 2-2: Ball 3-2: Base on Balls
|
Batting: RHB Mike Gangi
|
0-0: Ball 1-0: Foul Ball, location: 2F 1-1: Ball 2-1: Fly out, F6 (Line Drive, 6M, EV 71.9 MPH)
|
Batting: RHB Travis Robinson
|
0-0: Ball 1-0: Swinging Strike 1-1: Foul Ball, location: 2F 1-2: Strikes out swinging
|
Bottom of the 2nd over - 0 runs, 0 hits, 0 errors, 1 left on base; Joplin 1 - Oakland 1 |
TOP OF THE 3RD |
Joplin Blasters batting - Pitching for Oakland Oaks : RHP Paul Olson
|
Batting: RHB Kazuki Arai
|
0-0: Foul Ball, location: 2F 0-1: Ball 1-1: Foul Ball, location: 2F 1-2: Ball 2-2: Foul Ball, location: 2F 2-2: Foul Ball, location: 2F 2-2: Fly out, F8 (Line Drive, 8RD, EV 92.5 MPH)
|
Batting: RHB Mike Bearden
|
0-0: Ball 1-0: Called Strike 1-1: Ball 2-1: Swinging Strike 2-2: Ball 3-2: Fly out, F7 (Flyball, 7S, EV 88.8 MPH)
|
Batting: RHB Mike Valdez
|
0-0: Swinging Strike 0-1: Swinging Strike 0-2: Ball 1-2: Foul Ball, location: 2F 1-2: Strikes out looking
|
Top of the 3rd over - 0 runs, 0 hits, 0 errors, 0 left on base; Joplin 1 - Oakland 1 |
BOTTOM OF THE 3RD |
Oakland Oaks batting - Pitching for Joplin Blasters : RHP Omar Flores
|
Batting: RHB Tim Anderson
|
0-0: Ball 1-0: Ball 2-0: Ball 3-0: Base on Balls
|
Batting: RHB Chris Bohm
|
0-0: Ball Tim Anderson steals 2nd base 1-0: Ball 2-0: Ball Passed Ball! Tim Anderson to third 3-0: Called Strike 3-1: Foul Ball, location: 2F 3-2: Base on Balls
|
Batting: RHB Scott Lister
|
0-0: Ball 1-0: Ball 2-0: Ball 3-0: Base on Balls Chris Bohm to second
|
Batting: LHB Felipe Gomez
|
0-0: Foul Ball, location: 2F 0-1: Ball 1-1: Ball 2-1: Foul Ball, location: 2F 2-2: Strikes out looking
|
Batting: LHB Alejandro Muniz
|
0-0: Called Strike 0-1: SINGLE (Line Drive, 8LS, EV 108.8 MPH) Tim Anderson scores Chris Bohm to third Scott Lister to second
|
Pitching: LHP Tristan Irwin
|
|
Batting: LHB Ed Talamantes
|
0-0: Ball 1-0: Foul Ball, location: 2F 1-1: Called Strike 1-2: Strikes out looking
|
Batting: LHB Marcus Pollard
|
0-0: Called Strike 0-1: Called Strike 0-2: Strikes out swinging
|
Bottom of the 3rd over - 1 run, 1 hit, 0 errors, 3 left on base; Joplin 1 - Oakland 2 |
TOP OF THE 4TH |
Joplin Blasters batting - Pitching for Oakland Oaks : RHP Paul Olson
|
Batting: LHB Jim Haggart
|
0-0: Called Strike 0-1: Swinging Strike 0-2: Strikes out swinging
|
Batting: RHB Brian Hunt
|
0-0: Swinging Strike 0-1: SINGLE (Line Drive, 3D, EV 95.0 MPH)
|
Batting: RHB Ben Mills
|
0-0: Grounds into double play, 6-4-3 (Groundball, 6, EV 99.4 MPH)
|
Top of the 4th over - 0 runs, 1 hit, 0 errors, 0 left on base; Joplin 1 - Oakland 2 |
BOTTOM OF THE 4TH |
Oakland Oaks batting - Pitching for Joplin Blasters : LHP Tristan Irwin
|
Batting: RHB Mike Gangi
|
0-0: SINGLE (Line Drive, 9LS, EV 89.4 MPH)
|
Batting: RHB Travis Robinson
|
0-0: Called Strike 0-1: 2-RUN HOME RUN (Flyball, 7LD, EV 92.5 MPH), Distance : 351 ft
|
Batting: RHB Tim Anderson
|
0-0: SINGLE (Groundball, P, EV 85.0 MPH) (infield hit)
|
Batting: RHB Chris Bohm
|
0-0: Ball 1-0: Fly out, F9 (Line Drive, 89M, EV 88.1 MPH)
|
Batting: RHB Scott Lister
|
0-0: Ball Wild Pitch! Tim Anderson to second 1-0: Called Strike 1-1: Foul Ball, location: 2F 1-2: Ball Wild Pitch! Tim Anderson to third 2-2: Ball 3-2: Foul Ball, location: 2F 3-2: Fly out, F9 (Line Drive, 9, EV 101.2 MPH)
|
Batting: LHB Felipe Gomez
|
0-0: Foul Ball, location: 2F 0-1: 2-RUN HOME RUN (Flyball, 9D, EV 112.5 MPH), Distance : 421 ft
|
Pitching: RHP Jerry Yusko
|
|
Batting: LHB Alejandro Muniz
|
0-0: Called Strike 0-1: Called Strike 0-2: Fly out, F8 (Flyball, 8RS, EV 86.2 MPH)
|
Bottom of the 4th over - 4 runs, 4 hits, 0 errors, 0 left on base; Joplin 1 - Oakland 6 |
TOP OF THE 5TH |
Joplin Blasters batting - Pitching for Oakland Oaks : RHP Paul Olson
|
Batting: RHB Itsuki Eguchi
|
0-0: Called Strike 0-1: Called Strike 0-2: Foul Ball, location: 2F 0-2: Strikes out swinging
|
Batting: RHB Bobby Leon
|
0-0: Called Strike 0-1: Foul Ball, location: 2F 0-2: Strikes out swinging
|
Batting: RHB Carlos Castillo
|
0-0: Called Strike 0-1: Foul Ball, location: 2F 0-2: SINGLE (Line Drive, 4MD, EV 107.5 MPH)
|
Batting: RHB Kazuki Arai
|
0-0: Ball 1-0: Called Strike 1-1: Foul Ball, location: 2F 1-2: Strikes out looking
|
Top of the 5th over - 0 runs, 1 hit, 0 errors, 1 left on base; Joplin 1 - Oakland 6 |
BOTTOM OF THE 5TH |
Oakland Oaks batting - Pitching for Joplin Blasters : RHP Jerry Yusko
|
Batting: LHB Ed Talamantes
|
0-0: Called Strike 0-1: Ball 1-1: Ball 2-1: Ball 3-1: Swinging Strike 3-2: Base on Balls
|
Batting: LHB Marcus Pollard
|
0-0: Ball Ed Talamantes steals 2nd base 1-0: Foul Ball, location: 2F 1-1: Fly out, F6 (Popup, 6M, EV 56.9 MPH)
|
Batting: RHB Mike Gangi
|
0-0: Foul Ball, location: 2F 0-1: Ball 1-1: Reached on error, E4 (Groundball, 34, EV 81.2 MPH) Ed Talamantes to third
|
Batting: RHB Travis Robinson
|
0-0: Ball Mike Gangi steals 2nd base (no throw) 1-0: Ball 2-0: Ball 3-0: Base on Balls
|
Batting: RHB Tim Anderson
|
0-0: Swinging Strike 0-1: Swinging Strike 0-2: Ball 1-2: Strikes out swinging
|
Batting: RHB Chris Bohm
|
0-0: Ball Wild Pitch! Ed Talamantes scores Mike Gangi to third Travis Robinson to second 1-0: Called Strike 1-1: Ball 2-1: Swinging Strike 2-2: Strikes out swinging
|
Bottom of the 5th over - 1 run, 0 hits, 1 error, 2 left on base; Joplin 1 - Oakland 7 |
TOP OF THE 6TH |
Joplin Blasters batting - Pitching for Oakland Oaks : RHP Paul Olson
|
Batting: RHB Mike Bearden
|
0-0: Ball 1-0: Ball 2-0: Called Strike 2-1: Called Strike 2-2: Foul Ball, location: 2F 2-2: Ball 3-2: Foul Ball, location: 2F 3-2: Strikes out looking
|
Pitching: RHP Dan Rohrbach
|
|
Batting: RHB Mike Valdez
|
0-0: Called Strike 0-1: Foul Ball, location: 2F 0-2: Ball 1-2: Ball 2-2: Strikes out swinging
|
Batting: LHB Jim Haggart
|
0-0: Ball 1-0: Called Strike 1-1: Ball 2-1: Foul Ball, location: 2F 2-2: Strikes out swinging
|
Top of the 6th over - 0 runs, 0 hits, 0 errors, 0 left on base; Joplin 1 - Oakland 7 |
BOTTOM OF THE 6TH |
Oakland Oaks batting - Pitching for Joplin Blasters : RHP Jerry Yusko
|
Batting: RHB Scott Lister
|
0-0: Foul Ball, location: 2F 0-1: Ball 1-1: Called Strike 1-2: Foul Ball, location: 2F 1-2: Strikes out looking
|
Batting: LHB Felipe Gomez
|
0-0: Called Strike 0-1: Foul Ball, location: 2F 0-2: Strikes out swinging
|
Pitching: RHP Joey Ferguson
|
|
Batting: LHB Alejandro Muniz
|
0-0: Called Strike 0-1: Ball 1-1: Ball 2-1: Ball 3-1: Swinging Strike 3-2: Foul Ball, location: 2F 3-2: Base on Balls
|
Batting: LHB Ed Talamantes
|
0-0: Ball 1-0: Ball 2-0: Called Strike 2-1: Ball 3-1: Swinging Strike 3-2: Foul Ball, location: 2F 3-2: Base on Balls Alejandro Muniz to second
|
Batting: LHB Marcus Pollard
|
0-0: Ball 1-0: Ball 2-0: Ball 3-0: Called Strike 3-1: Fly out, F5 (Popup, 56S, EV 71.9 MPH)
|
Bottom of the 6th over - 0 runs, 0 hits, 0 errors, 2 left on base; Joplin 1 - Oakland 7 |
TOP OF THE 7TH |
Joplin Blasters batting - Pitching for Oakland Oaks : RHP Dan Rohrbach
|
Batting: RHB Brian Hunt
|
0-0: Called Strike 0-1: Called Strike 0-2: Ball 1-2: Strikes out looking
|
Batting: RHB Ben Mills
|
0-0: Called Strike 0-1: Swinging Strike 0-2: Ball 1-2: Strikes out swinging
|
Batting: RHB Itsuki Eguchi
|
0-0: Ball 1-0: Foul Ball, location: 2F 1-1: Swinging Strike 1-2: Strikes out swinging
|
Top of the 7th over - 0 runs, 0 hits, 0 errors, 0 left on base; Joplin 1 - Oakland 7 |
BOTTOM OF THE 7TH |
Oakland Oaks batting - Pitching for Joplin Blasters : RHP Joey Ferguson
|
Pitching: LHP Bin Ya
|
|
Batting: RHB Mike Gangi
|
0-0: Foul Ball, location: 2F 0-1: Ball 1-1: Ball 2-1: Ball 3-1: Base on Balls
|
Batting: RHB Travis Robinson
|
0-0: Called Strike Mike Gangi steals 2nd base 0-1: Foul Ball, location: 2F 0-2: Ball Passed Ball! Mike Gangi to third 1-2: SINGLE (Groundball, 4M, EV 90.6 MPH) (infield hit) Mike Gangi scores
|
Batting: RHB Tim Anderson
|
0-0: Foul Ball, location: 2F 0-1: Ball 1-1: Foul Ball, location: 2F 1-2: Foul Ball, location: 2F 1-2: Foul Ball, location: 2F 1-2: Strikes out looking
|
Batting: RHB Chris Bohm
|
0-0: Ball Wild Pitch! Travis Robinson to second 1-0: Ball 2-0: Ball 3-0: Base on Balls
|
Pitching: RHP Paul Gibbens
|
|
Batting: RHB Scott Lister
|
0-0: Called Strike 0-1: Foul Ball, location: 2F 0-2: Ball 1-2: Strikes out swinging
|
Batting: LHB Felipe Gomez
|
0-0: 3-RUN HOME RUN (Flyball, 89XD, EV 109.4 MPH), Distance : 440 ft
|
Batting: LHB Alejandro Muniz
|
0-0: Ball 1-0: Ball 2-0: Ball 3-0: Base on Balls
|
Pinch Hitting: SHB Steve Salafia
|
0-0: Foul Ball, location: 2F 0-1: Called Strike 0-2: Ball 1-2: Foul Ball, location: 2F 1-2: Hit by Pitch Alejandro Muniz to second
|
Batting: LHB Marcus Pollard
|
0-0: Foul Ball, location: 2F 0-1: Swinging Strike 0-2: Ball 1-2: Ball 2-2: Foul Ball, location: 2F 2-2: Ball Passed Ball! Alejandro Muniz to third Steve Salafia to second 3-2: Fly out, F7 (Line Drive, 7LM, EV 98.8 MPH)
|
Bottom of the 7th over - 4 runs, 2 hits, 0 errors, 2 left on base; Joplin 1 - Oakland 11 |
TOP OF THE 8TH |
Joplin Blasters batting - Pitching for Oakland Oaks : RHP Dan Rohrbach
|
Now at 1B: Amare Brown
|
|
Batting: RHB Bobby Leon
|
0-0: Called Strike 0-1: SINGLE (Line Drive, 89M, EV 111.2 MPH)
|
Batting: RHB Carlos Castillo
|
0-0: Ball 1-0: Called Strike 1-1: Foul Ball, location: 2F 1-2: Strikes out swinging
|
Batting: RHB Kazuki Arai
|
0-0: Called Strike 0-1: Ball 1-1: Ball 2-1: Called Strike 2-2: Foul Ball, location: 2F 2-2: Ball 3-2: Strikes out swinging
|
Batting: RHB Mike Bearden
|
0-0: Ball 1-0: Fly out, F9 (Flyball, 9D, EV 75.6 MPH)
|
Top of the 8th over - 0 runs, 1 hit, 0 errors, 1 left on base; Joplin 1 - Oakland 11 |
BOTTOM OF THE 8TH |
Oakland Oaks batting - Pitching for Joplin Blasters : RHP Paul Gibbens
|
Pitching: RHP Oscar Cisneros
|
|
Batting: RHB Mike Gangi
|
0-0: Called Strike 0-1: Ball 1-1: SINGLE (Groundball, 5S, EV 75.0 MPH) (infield hit)
|
Pinch Hitting: RHB Alberto Malagon
|
0-0: SINGLE (Groundball, 56D, EV 101.9 MPH) Mike Gangi to second
|
Batting: RHB Tim Anderson
|
0-0: Swinging Strike 0-1: Ball Wild Pitch! Mike Gangi to third Alberto Malagon to second 1-1: Swinging Strike 1-2: Strikes out looking
|
Batting: RHB Chris Bohm
|
0-0: Called Strike 0-1: Ball 1-1: Foul Ball, location: 2F 1-2: Foul Ball, location: 2F 1-2: Ball 2-2: Ball 3-2: Base on Balls
|
Batting: RHB Scott Lister
|
0-0: Called Strike 0-1: Ball 1-1: Swinging Strike 1-2: Ball 2-2: Foul Ball, location: 2F 2-2: Foul Ball, location: 2F 2-2: Strikes out looking
|
Batting: LHB Felipe Gomez
|
0-0: Ball 1-0: Ball 2-0: Ball 3-0: Called Strike 3-1: Foul Ball, location: 2F 3-2: Base on Balls Mike Gangi scores Alberto Malagon to third Chris Bohm to second
|
Batting: LHB Alejandro Muniz
|
0-0: Ball 1-0: SINGLE (Groundball, 15S, EV 65.6 MPH) (infield hit) Alberto Malagon scores Chris Bohm to third Felipe Gomez to second
|
Pinch Hitting: RHB Rusty Prodoehl
|
0-0: Called Strike 0-1: Foul Ball, location: 2F 0-2: Strikes out swinging
|
Bottom of the 8th over - 2 runs, 3 hits, 0 errors, 3 left on base; Joplin 1 - Oakland 13 |
TOP OF THE 9TH |
Joplin Blasters batting - Pitching for Oakland Oaks : RHP Dan Rohrbach
|
Now at 1B: Jason Dove
|
|
Now at 3B: Alberto Malagon
|
|
Batting: RHB Mike Valdez
|
0-0: Called Strike 0-1: Swinging Strike 0-2: Ball 1-2: Foul Ball, location: 2F 1-2: Strikes out swinging
|
Batting: LHB Jim Haggart
|
0-0: Ball 1-0: Swinging Strike 1-1: Ball 2-1: Foul Ball, location: 2F 2-2: Ball 3-2: Foul Ball, location: 2F 3-2: Foul Ball, location: 2F 3-2: Strikes out swinging
|
Batting: RHB Brian Hunt
|
0-0: Swinging Strike 0-1: Ball 1-1: Swinging Strike 1-2: Strikes out swinging
|
Top of the 9th over - 0 runs, 0 hits, 0 errors, 0 left on base; Joplin 1 - Oakland 13 |
|